 Dungeon Crawl Stone Soup version 0.31-a0-202-g547052bce9 (webtiles) character file.

Game seed: 1086588700395502371

199 qw the Skirmisher (level 5, -1/29 HPs)
             Began as a Deep Elf Hunter on June 25, 2023.
             Slain by an ogre
             ... wielding a +0 giant club
              (24 damage)
             ... on level 4 of the Dungeon.
             The game lasted 00:00:36 (2101 turns).

qw the Skirmisher (Deep Elf Hunter)                 Turns: 2101, Time: 00:00:36

Health: -1/29      AC:  6    Str: 10    XL:     5   Next: 48%
Magic:  7/7        EV: 14    Int: 14    God:
Gold:   100        SH:  0    Dex: 18    Spells: 4/4 levels left

rFire   . . .        Y - +0 shortbow (drain)
rCold   + . .        (shield currently unavailable)
rNeg    . . .        f - +2 robe {rC+}
rPois   .            (no helmet)
rElec   .            (no cloak)
rCorr   .            c - +0 pair of gloves
SInv    .            k - +0 pair of boots
Will    .....        e - amulet of faith
Stlth   ++           (no ring)
HPRegen 0.24/turn    (no ring)
MPRegen 0.10/turn

%: faith
@: no status effects
A: no striking features
a: no special abilities


You were on level 4 of the Dungeon.
You visited 1 branch of the dungeon, and saw 4 of its levels.

You collected 173 gold pieces.
You spent 73 gold pieces at shops.


   Skills:
 - Level 1.5 Fighting
 + Level 8.0 Ranged Weapons
 - Level 4.4 Dodging
 - Level 1.2 Stealth


You had 4 spell levels left.
You didn't know any spells.
Your spell library was empty.

Inventory:

Hand Weapons
 Y - a +0 shortbow of draining (weapon)
Armour
 c - a +0 pair of gloves (worn)
 d - a +0 helmet
 f - a +2 robe of cold resistance (worn)
 k - a +0 pair of boots (worn)
 l - a +0 ring mail
Jewellery
 b - an amulet of the acrobat
 e - an amulet of faith (around neck)
Scrolls
 m - a scroll of identify
Potions
 a - a potion of degeneration {unknown}
 j - a potion of might {unknown}

Dungeon Overview and Level Annotations

Branches:
Dungeon (4/15)
 Temple: D:4-7

Altars:
Zin

Shops:
D:1 [?


Message History

You kill the goblin!
A goblin comes into view. It is wielding a +0 dagger.
You shoot an arrow. The goblin shouts!
The arrow hits the black bear.
The black bear is moderately wounded.
The goblin unwields a +0 dagger.
The goblin wields a +0 sling.
The goblin shoots a sling bullet.
The sling bullet misses you.
You shoot an arrow. The arrow hits the black bear.
You drain the black bear.
The black bear is severely wounded.
The black bear goes berserk!
You shoot an arrow. The arrow hits the black bear.
The black bear is almost dead.
You shoot an arrow.
The arrow hits the black bear but does no damage.
The black bear is almost dead.
The black bear closely misses you. The black bear barely misses you.
The black bear misses you. The black bear bites you.
The black bear claws you but does no damage.
The black bear misses you.
You shoot an arrow. The arrow hits the black bear.
You drain the black bear.
You kill the black bear!
The goblin shoots a sling bullet.
The sling bullet barely misses you.
Your Dodging skill gained 2 levels and is now at level 4!
You have reached level 5!
You shoot an arrow. The arrow hits the ogre.
The ogre is lightly wounded.
The goblin shoots a sling bullet.
The sling bullet misses you.
A dart slug comes into view.
You shoot an arrow. The arrow hits the ogre.
You drain the ogre.
The ogre is moderately wounded.
The goblin shoots a sling bullet.
The sling bullet barely misses you.
The sling bullet hits the ogre.
You shoot an arrow. The arrow hits the ogre!
The ogre is severely wounded.
The dart slug launches a dart at you.
The slug dart hits you but does no damage.
The ogre hits you with a +0 giant club!!
Ouch! That really hurt!
You die...

... ....... .. ........
.. ........ #.
#.##¤~¤~¤~¤ ##.##.#.¤¤¤..
#........¤¤# ###
#......O.~.#....
#......@.~.#._.#
#........~.....#
#........~.##### #####
#####...###.~......
#...###..########.~~¤~.~~
....................g....
.....................+...
.....................#.w.
.....##.......##.....# ..


You could see an ogre (drained), a dart slug and a goblin.

Vanquished Creatures
  A black bear (D:4)
  A jelly (D:4)
  4 adders
  A dart slug (D:4)
  2 ball pythons (D:1)
  7 bats
  7 endoplasms
  2 giant cockroaches
  3 goblins
  5 hobgoblins
  2 jackals (D:4)
  A quokka (D:2)
  2 frilled lizards
  3 kobolds
  2 rats
43 creatures vanquished.

Notes
Turn   | Place    | Note
-------+----------+-------------------------------------------
     0 | D:1      | qw the Deep Elf Hunter began the quest for the Orb.
     0 | D:1      | Reached XP level 1. HP: 12/12 MP: 3/3
     0 | D:1      | 0 ||| qw: Version: 0.3-a-22-g0ed2b0b
     0 | D:1      | 0 ||| qw: Game counter: 5717
     0 | D:1      | 0 ||| qw: Melee chars always use a shield: true
     0 | D:1      | 0 ||| qw: God list: Okawaru
     0 | D:1      | 0 ||| qw: Allow faded altars: false
     0 | D:1      | 0 ||| qw: Do Orc after clearing Dungeon:15 true
     0 | D:1      | 0 ||| qw: Do second Lair branch before Depths: true
     0 | D:1      | 0 ||| qw: Lair rune preference: random
     0 | D:1      | 0 ||| qw: Goals: Normal
     0 | D:1      | 0 ||| PLANNING D:1-11
    72 | D:1      | Reached XP level 2. HP: 15/16 MP: 4/4
   178 | D:1      | Reached skill level 6 in Ranged Weapons
   405 | D:1      | Found Behiypt's Armour Boutique.
   413 | D:1      | 413 ||| BUYING +0 pair of boots (49 gold).
   413 | D:1      | Bought a +0 pair of boots for 49 gold pieces
   413 | D:1      | 413 ||| SHOPLISTING +0 ring mail (44 gold, have 10).
   413 | D:1      | 413 ||| SHOPLISTING +3 robe of Clouds {*Thunder rCloud
                  | rElec} (326 gold, have 10).
   535 | D:1      | Found Foam's Magic Scroll Shop.
   544 | D:1      | 544 ||| BUYING scroll of identify (24 gold).
   544 | D:1      | Bought a scroll of identify for 24 gold pieces
   544 | D:1      | 544 ||| SHOPLISTING scroll of teleportation (36 gold, have
                  | 4).
   731 | D:1      | 731 ||| UPGRADING to +2 robe of cold resistance.
   741 | D:1      | 741 ||| DROPPING +0 leather armour.
   742 | D:1      | 742 ||| UPGRADING to +0 pair of boots.
   747 | D:1      | 747 ||| UPGRADING to amulet of faith.
   752 | D:1      | 752 ||| READING scroll labelled GATEMA ILIDUMISM.
   753 | D:1      | 753 ||| READING scroll labelled YBOYCZ RUHUISM.
   754 | D:1      | 754 ||| READING scroll labelled TUTUG FU WOTZ.
   755 | D:1      | 755 ||| DRINKING 2 dark potions.
   786 | D:1      | 786 ||| DROPPING scroll of butterflies.
   787 | D:1      | 787 ||| DROPPING potion of lignification.
   868 | D:2      | Reached XP level 3. HP: 20/20 MP: 5/5
   895 | D:2      | Reached skill level 7 in Ranged Weapons
  1143 | D:2      | 1143 ||| READING scroll labelled EVIBYI UMMY.
  1144 | D:2      | 1144 ||| READING 2 scrolls of identify.
  1144 | D:2      | 1144 ||| IDENTIFYING grey potion
  1376 | D:2      | 1376 ||| READING scroll labelled TUELYI PYSES.
  1377 | D:2      | 1377 ||| DROPPING potion of attraction.
  1948 | D:3      | 1948 ||| UPGRADING to +0 pair of gloves.
  1953 | D:3      | 1953 ||| READING scroll labelled IPAHUI AV YNOZ.
  1958 | D:3      | 1958 ||| READING 2 scrolls labelled UGRIEL MUVVA.
  1959 | D:3      | 1959 ||| READING 2 scrolls of identify.
  1959 | D:3      | 1959 ||| IDENTIFYING purple potion
  1960 | D:3      | 1960 ||| DROPPING potion of brilliance.
  1961 | D:3      | 1961 ||| DROPPING scroll of immolation.
  2002 | D:4      | Reached XP level 4. HP: 25/25 MP: 6/6
  2071 | D:4      | Found a glowing silver altar of Zin.
  2077 | D:4      | Reached skill level 8 in Ranged Weapons
  2087 | D:4      | Noticed a black bear
  2091 | D:4      | Noticed an ogre
  2098 | D:4      | Killed a black bear
  2099 | D:4      | Reached XP level 5. HP: 22/29 MP: 7/7
  2101 | D:4      | Slain by an ogre

Levels and vault maps discovered:
D:1:      eino_arrival_druids_welcome, layout_loops_ring, serial_shops,
          nicolae_shop_tiny_waterfront, shop, nicolae_figureground_sparkle
D:2:      layout_loops_ring, minmay_hexomino_p4
D:3:      layout_loops_ring, hangedman_abyss_or_decor_lesser_grid
D:4:      layout_gridville, mainiacjoe_overflow_brackets, serial_shops,
          kennysheep_mini_moat, uniq_ijyb, uniq_sigmund

Skill      XL: |  1  2  3  4 |
---------------+-------------+-----
Ranged Weapons | 6 7 8 |  8.0
Dodging        | 4 |  4.4
Fighting       | |  1.5
Stealth        | |  1.2

Action                     |  1- 3 |  4- 6 || total
---------------------------+-------+-------++-------
   Fire: Shortbow          |    78 |    22 ||   100
    Use: Scroll            |     9 |       ||     9
         Potion            |     1 |       ||     1
 Armour: Leather armour    |     3 |       ||     3
         Robe              |     3 |     2 ||     5
  Dodge: Dodged            |    10 |     8 ||    18

Table legend:
 A = Non-vault XP
 B = Vault XP
 C = Vault XP percentage of total XP
 D = Non-vault monster count
 E = Vault monster count
 F = Vault count percentage of total count
                 A         B        C        D         E       F
            +---------+---------+-------+---------+---------+-------
      Total |     269 |      16 |   5.6 |      40 |       3 |   7.0
            +---------+---------+-------+---------+---------+-------
        D:1 |      27 |       0 |   0.0 |      16 |       0 |   0.0
        D:2 |      43 |      16 |  27.1 |      12 |       3 |  20.0
        D:3 |       8 |       0 |   0.0 |       5 |       0 |   0.0
        D:4 |     191 |       0 |   0.0 |       7 |       0 |   0.0
            +---------+---------+-------+---------+---------+-------
